cohdb
Replays
Latest Replays
All Replays
Popular Replays
Top Player Replays
Match Explorer
How It Works
Community
CoH3 Stats
Reddit
Sign in to upload your games and track your stats! →
Sign in with Steam
Match 40673623
Unlisted
Match 40673623
Overview
Messages
Build Orders
End
Engineer Squad
Selects Armored Battlegroup
Selects Assault Engineers
Construct Weapon Support Center
Assault Engineer Squad
M1919 Machine Gun Team
Bazooka Squad
Mechanized Support Center
Infantry Support Center
Construct Medical Station
Sniper
Scout Squad
Construct Motor Pool
Bazooka Squad
Bazooka Squad
Selects Fast Deploy
M1 Anti-tank Gun Team
M24 Chaffee Light Tank
Selects M8 Scott SPG
M8 Scott SPG
M1 Anti-tank Gun Team
Scout Squad
Assault Engineer Squad
M8 Scott SPG
M1919 Machine Gun Team
M8 Scott SPG
Selects M4A3E8 Sherman Combat Group
whothefock
WadoVice
0
0
Comments
sign in to comment!
No comments posted yet!